AoeStats
← Sorrisinho de Classe

Arabia

507838515Analyzed
1v1 RM · 13d ago on Sep 19, 2026· 23m 45s· 2 players
Game mode
Random Map
Map size
Tiny (2 player)
Population
200
Speed
Normal
Resources
Standard
Victory
Conquest
Starting age
Dark Age
Ending age
Imperial Age
RankedLock teamsTeams togetherTeam positionsShared explorationLock speedFull tech treeHidden civsTurbo modeCheats
Victory
Defeat
🇧🇷 Malay · Brazil
821
+16
🇫🇷 Spanish · France
823
-16
Sorrisinho de Classe
10:28 Feudal Age
10:31 Man-at-Arms
11:27 Loom
18:02 Forging
19:04 Double-Bit Axe
20:09 Fletching
26:22 Castle Age
popochemagic
11:36 Feudal Age
12:21 Man-at-Arms
21:22 Wheelbarrow
21:30 Wheelbarrow
21:07 Double-Bit Axe
21:30 Horse Collar
Connection lost

Rejoining the realm…

Still unreachable

The connection could not be restored.

Session expired

The server has moved on; the page needs a fresh start.